Map: Triton LE

Players

GeNieS

  • Race: Protoss Protoss
  • League: Grandmaster
  • Spawn Location: 11:00

printf - Winner!

  • Race: Protoss Protoss
  • Spawn Location: 5:00

VOD

Have the link to the VOD?

Description

Time

  • Played on: Oct. 20, 2019, 2:35 p.m.
  • Length: 6:07
Show
View Real Time Build Order
Export as new Build Order

GeNieS Protoss 

Build Orders: Cannon Rush 

Get SALT Encoding   

  12  0:00  Probe  
  13  0:13  Probe (Chrono Boost)  
  14  0:18  Pylon  
  14  0:25  Probe (Chrono Boost)  
  15  0:34  Probe (Chrono Boost)  
  15  0:38  Forge  
  16  0:46  Probe  
  17  0:57  Pylon  
  17  1:05  Pylon  
  17  1:16  Photon Cannon  
  17  1:22  Photon Cannon  
  17  1:25  Gateway  
  17  1:33  Photon Cannon  
  17  1:36  Probe  
  17  1:43  Photon Cannon  
  17  1:46  Photon Cannon  
  17  1:49  Photon Cannon  
  17  1:54  Probe  
  17  1:58  Assimilator  
  18  2:11  Pylon  
  18  2:12  Probe  
  19  2:16  Assimilator  
  19  2:24  Probe  
  20  2:34  Gateway  
  21  2:45  Photon Cannon  
  20  2:53  Photon Cannon  
  20  2:56  Probe  
  20  3:32  Cybernetics Core  
  20  3:35  Probe  
  21  3:47  Probe  
  22  3:59  Probe  
  23  4:08  Stargate  
  23  4:13  Stargate  
  24  4:18  Photon Cannon  
  24  4:23  Shield Battery  
  23  4:26  Shield Battery  
  23  4:28  Shield Battery  
  23  4:33  Shield Battery  
  23  4:44  Shield Battery  
  23  4:50  Shield Battery  
  23  4:52  Void Ray (Chrono Boost)  
  30  5:10  Void Ray (Chrono Boost)  
  30  5:17  Shield Battery  
  30  5:47  Shield Battery  
  30  5:48  Pylon  
Show
View Real Time Build Order
Export as new Build Order

printf Protoss - Winner!

Build Orders:  

Get SALT Encoding   

  12  0:01  Probe (Chrono Boost)  
  13  0:10  Probe (Chrono Boost)  
  14  0:17  Pylon  
  14  0:22  Probe  
  15  0:35  Probe  
  15  0:37  Forge  
  16  0:48  Probe  
  17  0:52  Pylon  
  17  1:07  Pylon  
  17  1:17  Photon Cannon  
  17  1:24  Gateway  
  17  1:54  Probe  
  18  2:02  Assimilator  
  18  2:20  Cybernetics Core  
  18  2:36  Pylon, Photon Cannon  
  18  2:37  Pylon  
  18  2:41  Probe  
  18  2:51  Assimilator  
  18  2:53  Probe  
  19  3:05  Probe  
  19  3:08  Gateway  
  20  3:17  Probe  
  21  3:20  Shield Battery  
  21  3:30  Photon Cannon  
  22  3:42  Pylon  
  21  3:52  Stalker (Chrono Boost)  
  23  4:02  Robotics Facility  
  23  4:08  Shield Battery  
  23  4:12  Stalker (Chrono Boost)  
  25  4:25  Shield Battery  
  25  4:28  Photon Cannon  
  25  4:34  Stalker (Chrono Boost)  
  27  4:45  Pylon  
  27  4:53  Immortal (Chrono Boost)  
  31  5:10  Stalker  
  31  5:13  Shield Battery  
  33  5:19  Shield Battery  
  33  5:41  Stalker (Chrono Boost)  
  37  5:53  Shield Battery  
Tags
 
Matchup
PvP
Spawn Locations
Cross Positions
Add a new tag
Caveats
  • Supply blocks, unpowered buildings, or Contaminate may cause inaccurate times.
  • Supply counts are checked every 10 seconds.